 Dungeon Crawl Stone Soup version 0.30-a0-728-gc68057be0a (webtiles) character file.

Game seed: 9386066880146840213

687 scionoferis the Ducker (level 7, -7/56 HPs)
             Began as a Demigod Hexslinger on Jan 30, 2023.
             Killed by divine providence
             ... invoked by an orc priest
              (13 damage)
             ... on level 5 of the Dungeon.
             The game lasted 00:12:21 (3780 turns).

scionoferis the Ducker (Demigod Hexslinger)         Turns: 3780, Time: 00:12:22

Health: -7/56      AC:  3    Str: 17    XL:     7   Next: 13%
Magic:  12/12      EV: 15    Int: 15    God:
Gold:   293        SH:  5    Dex: 28    Spells: 5/9 levels left

rFire   . . .      SeeInvis .    b - +1 sling
rCold   . . .      Faith    .    d - +0 buckler
rNeg    . . .      Spirit   .    c - +0 robe
rPois   .          Reflect  .    (no helmet)
rElec   .          Harm     .    (no cloak)
rCorr   .          Rampage  .    (no gloves)
Will    .....                    w - +0 pair of boots
Stlth   +++                      (no amulet)
HPRegen 0.29/turn                l - +6 ring of dexterity
MPRegen 0.13/turn                r - +6 ring of strength

@: no status effects
A: high MP 1, forlorn, divine attributes
a: no special abilities


You were on level 5 of the Dungeon.
You visited 1 branch of the dungeon, and saw 5 of its levels.

You collected 293 gold pieces.


Innate Abilities, Weirdness & Mutations

You have an increased reservoir of magic. (+10% MP)
You shall have no god before yourself.
Your divine heritage dramatically boosts your attributes as you level up.


   Skills:
 + Level 2.9 Fighting
 - Level 4.0 Ranged Weapons
 + Level 4.2 Dodging
 + Level 3.0 Stealth
 + Level 1.6 Spellcasting
 - Level 2.6 Hexes
 * Level 2.0 Summonings


You had 5 spell levels left.
You knew the following spells:

 Your Spells              Type           Power      Damage    Failure   Level
a - Slow                  Hex            36%        N/A       11%         1
b - Call Canine Familiar  Summ           7%         N/A       38%         3

Your spell library contained the following spells:

 Spells                   Type           Power      Damage    Failure   Level
 Summon Small Mammal      Summ           28%        N/A       14%         1
 Tukima's Dance           Hex            9%         N/A       30%         3
 Apportation              Tloc           2%         N/A       32%         1
 Beastly Appendage        Tmut           2%         N/A       32%         1
 Necrotise                Necr           4%         1d4       32%         1
 Summon Guardian Golem    Hex/Summ       8%         N/A       34%         3
 Scorch                   Fire           2%         2d5       43%         2
 Wereblood                Tmut           1%         N/A       43%         2
 Inner Flame              Hex/Fire       5%         N/A       47%         3
 Portal Projectile        Hex/Tloc       10%        N/A       47%         3
 Spider Form              Tmut/Pois      1%         N/A       67%         3
 Cause Fear               Hex            4%         N/A       71%         4
 Leda's Liquefaction      Hex/Erth       2%         N/A       87%         4
 Flame Wave               Conj/Fire      1%         2d4       97%         4
 Passage of Golubria      Tloc           1%         N/A       97%         4
 Yara's Violent Unravell  Hex/Tmut       2%         3d3       99%         5
 Summon Cactus Giant      Summ           3%         N/A       100%        6

Inventory:

Hand Weapons
 a - a +2 whip of venom
   (You found it on level 2 of the Dungeon)
 b - a +1 sling (weapon)
 v - a +0 long sword
   (You found it on level 3 of the Dungeon)
Armour
 c - a +0 robe (worn)
 d - a +0 buckler (worn)
   (You found it on level 1 of the Dungeon)
 w - a +0 pair of boots (worn)
   (You found it on level 4 of the Dungeon)
Magical Staves
 t - a staff of earth
   (You found it on level 3 of the Dungeon)
Jewellery
 l - a +6 ring of dexterity (left hand)
   (You found it on level 2 of the Dungeon)
 r - a +6 ring of strength (right hand)
   (You found it on level 4 of the Dungeon)
 y - a ring of resist corrosion
   (You found it on level 5 of the Dungeon)
 A - a ring of fire
   (You found it on level 5 of the Dungeon)
 B - a ring of ice
   (You found it on level 5 of the Dungeon)
Wands
 x - a wand of roots (4)
   (You took it off a goblin on level 4 of the Dungeon)
Scrolls
 e - 3 scrolls of identify
 g - a scroll of enchant weapon
 h - 3 scrolls of butterflies
 j - a scroll of noise
 k - 4 scrolls of magic mapping {unknown}
 m - 2 scrolls of fog {unknown}
 o - 2 scrolls of teleportation {unknown}
 p - a scroll of fear {unknown}
 u - a scroll of blinking {unknown}
Potions
 f - a potion of magic {unknown}
 i - a potion of might {unknown}
 n - a potion of haste {unknown}
 q - a potion of flight {unknown}
 s - a potion of curing
 z - a potion of mutation {unknown}

Dungeon Overview and Level Annotations

Branches:
Dungeon (5/15)
 Temple: D:4-7

Annotations:
D:2 1 runed translucent door, Crazy Yiuf
D:4 Dowan, Duvessa, Eustachio, Pikel
D:5 Blork the orc

#...#...#...#...#...# ##.###
..#...#...#...#...#.########.## #
#...#...#...#...#............#
..#...#...#...#...#..######..## #
#...#...#...#...#..#.# #.#.###
..#...#...#...#......# #......
.#..#...#...#........## ########
.###..#...#...###.#...####.......
.###.#..#..##.##@.......##.......
..................#.##>..#.......
....................##...........
.[.............oo.#.##...#.......
..#####.....####.......###.......
..# .....# #{##.##.# #....... ..#
.....# #o##.##.####.##### ###
.... #.##.....#......## # ...
#o#####..#.#......


You could see an orc priest, an orc wizard and an orc.


Message History

There is an open door here.
Found a dagger.
You see here a +0 dagger.
Found a scale mail.
You open the door.
Found a whip.
Found a stone staircase leading down.
There is an open door here.
Found 5 stones.
You now have 201 gold pieces (gained 8).
You see here a staff of earth.
t - a staff of earth
o - 2 scrolls labelled ULLEUSALUO (gained 1)
Found a scale mail.
You now have 210 gold pieces (gained 9).
u - a scroll labelled BUBA MEIPENOA
Found a long sword.
You see here a +0 long sword.
An adder comes into view.
You see here a +0 long sword.
v - a +0 long sword You shoot a sling bullet.
The sling bullet hits the adder but does no damage.
The adder hisses angrily.
You shoot a sling bullet. The sling bullet hits the adder!
The adder is almost dead.
You shoot a sling bullet. The sling bullet hits the adder!
You kill the adder!
No target in view!
No target in view!
h - 2 scrolls of butterflies (gained 1)
You open the door.
There is an open door here.
You open the door.
There is an open door here.
You open the door.
Found an iron altar of Okawaru.
There is an open door here.
You open the door.
There is an open door here.
You open the door.
There is an open door here.
You open the door.
A quokka comes into view.
There is an open door here.
You shoot a sling bullet.
The sling bullet hits the quokka but does no damage.
You shoot a sling bullet.
The sling bullet hits the quokka but does no damage.
You shoot a sling bullet.
The sling bullet closely misses the quokka.
The quokka misses you.
You shoot a sling bullet. The sling bullet hits the quokka.
The quokka is heavily wounded.
The quokka barely misses you. The quokka bites you.
You shoot a sling bullet. The sling bullet hits the quokka.
You kill the quokka!
You have reached level 4!
A kobold comes into view. It is wielding a +0 short sword.
You shoot a sling bullet. The sling bullet hits the kobold!
You kill the kobold!
No target in view!
No target in view!
Found a stone staircase leading down.
You now have 221 gold pieces (gained 11).
You now have 239 gold pieces (gained 18).
h - 3 scrolls of butterflies (gained 1)
You open the door.
There is a stone staircase leading down here.
There is an open door here.
You open the door.
There is an open door here.
A giant cockroach comes into view.
You shoot a sling bullet.
The sling bullet hits the giant cockroach but does no damage.
You shoot a sling bullet.
The sling bullet barely misses the giant cockroach.
You shoot a sling bullet.
The sling bullet closely misses the giant cockroach.
You shoot a sling bullet.
The sling bullet hits the giant cockroach.
The giant cockroach is moderately wounded.
The giant cockroach waves its antennae.
You shoot a sling bullet.
The sling bullet hits the giant cockroach.
You kill the giant cockroach!
No target in view!
No target in view!
You open the door.
There is an open door here.
You open the door.
There is an open door here.
As you open the door, it creaks loudly!
Found a ruby potion.
There is an open door here.
s - 2 ruby potions (gained 1)
You open the door.
There is an open door here.
You open the door.
There is an open door here.
You open the door.
There is an open door here.
A dart slug and an orc come into view.
Found a long sword.
You shoot a sling bullet.
The sling bullet completely misses the orc.
The orc shouts!
The orc closely misses you.
You shoot a sling bullet. The sling bullet hits the orc!
You kill the orc!
You shoot a sling bullet. The sling bullet hits the dart slug.
The dart slug is lightly wounded.
You shoot a sling bullet. The sling bullet hits the dart slug.
The dart slug is severely wounded.
You shoot a sling bullet. The sling bullet hits the dart slug!
You kill the dart slug!
No target in view!
Found a stone staircase leading up.
As you open the door, it creaks loudly!
There is an open door here.
Things that are here:
a +0 hand axe; a +0 ring mail; a dart slug corpse
There is an open door here.
There is an open door here.
There is an open door here.
You open the door.
There is an open door here.
Done exploring.
Done exploring.
There is a stone staircase leading down here.
You climb downwards.
There is a stone staircase leading up here.
You open the door.
There is an open door here.
m - 2 scrolls labelled GUEGEL HIQO (gained 1)
You open the door.
There is an open door here.
Found a stone staircase leading up.
There is an open door here.
A goblin comes into view. It is wielding a +0 dagger.
You shoot a sling bullet. The sling bullet hits the goblin.
You kill the goblin!
No target in view!
No target in view!
You open the door.
You see here a +0 dagger.
There is an open door here.
A necrophage comes into view.
You shoot a sling bullet. The sling bullet hits the necrophage!
The necrophage is moderately damaged.
You shoot a sling bullet.
The sling bullet barely misses the necrophage.
You shoot a sling bullet. The sling bullet hits the necrophage.
The necrophage is heavily damaged.
You shoot a sling bullet. The sling bullet hits the necrophage.
The necrophage is severely damaged.
You shoot a sling bullet.
The sling bullet closely misses the necrophage.
The necrophage hits you!
You feel drained.
v - a +0 long sword (weapon)
You slash the necrophage!
You destroy the necrophage!
Your life force feels restored.
Your Ranged Weapons skill increases to level 3!
Your Dodging skill increases to level 3!
Your +2 whip of venom begins to drip with poison!
a - a +2 whip of venom (weapon)
Your +2 whip of venom stops dripping with poison.
b - a +1 sling (weapon)
You start resting.
HP restored.
You see here a necrophage corpse.
You pick up a book of Cantrips and begin reading...
You add the spells Necrotise and Apportation to your library.
You open the door.
There is an open door here.
A goblin comes into view. It is wielding a +0 club.
Found an onyx ring.
You shoot a sling bullet. The sling bullet hits the goblin.
The goblin shouts!
The goblin is moderately wounded.
You hear a shout!
A goblin comes into view. It is wielding a +0 dagger.
You hear a shout! x2
You shoot a sling bullet. The goblin shouts!
The sling bullet hits the goblin!
You kill the goblin!
You hear a shout!
A goblin comes into view. It is wielding a +0 dagger.
A hobgoblin comes into view.
You hear a shout!
You shoot a sling bullet. The sling bullet hits the goblin.
The goblin is moderately wounded.
You shoot a sling bullet. The sling bullet hits the goblin!
You kill the goblin!
You shoot a sling bullet.
The sling bullet barely misses the goblin.
The sling bullet hits the hobgoblin!
You kill the hobgoblin!
A quokka comes into view.
The quokka moves out of view.
You shoot a sling bullet. The sling bullet hits the goblin!
You kill the goblin!
You shoot a sling bullet.
The sling bullet barely misses the quokka.
You shoot a sling bullet.
The sling bullet barely misses the quokka.
You shoot a sling bullet.
The sling bullet closely misses the quokka.
You shoot a sling bullet.
The sling bullet closely misses the quokka.
The quokka closely misses you.
You shoot a sling bullet.
The sling bullet barely misses the quokka.
The quokka completely misses you.
You shoot a sling bullet.
The sling bullet barely misses the quokka.
The quokka barely misses you. The quokka bites you.
You shoot a sling bullet.
The sling bullet hits the quokka but does no damage.
The quokka barely misses you. The quokka bites you.
You shoot a sling bullet. The sling bullet hits the quokka!
You kill the quokka!
No target in view!
A goblin comes into view. It is wielding a +0 club.
You shoot a sling bullet.
The sling bullet barely misses the goblin.
You shoot a sling bullet.
The sling bullet barely misses the goblin.
You hear a shout!
You shoot a sling bullet.
The sling bullet closely misses the goblin.
A goblin comes into view. It is wielding a +0 club.
You shoot a sling bullet. The sling bullet hits the goblin.
The goblin is moderately wounded.
You shoot a sling bullet.
The sling bullet completely misses the goblin.
The sling bullet closely misses the goblin.
You shoot a sling bullet. The sling bullet hits the goblin!
You kill the goblin!
You shoot a sling bullet. The sling bullet hits the goblin.
The goblin is heavily wounded.
You block the goblin's attack.
You shoot a sling bullet. The sling bullet hits the goblin.
You kill the goblin!
No target in view!
You start waiting.
A hobgoblin comes into view.
A hobgoblin is nearby!
You shoot a sling bullet. The hobgoblin shouts!
The sling bullet hits the hobgoblin.
The hobgoblin is heavily wounded.
You hear a shout!
You shoot a sling bullet.
The sling bullet barely misses the hobgoblin.
A goblin comes into view. It is wielding a +0 dagger.
You shoot a sling bullet. The sling bullet hits the hobgoblin.
The hobgoblin is almost dead.
You shoot a sling bullet.
The sling bullet barely misses the hobgoblin.
The sling bullet hits the goblin!
You kill the goblin!
You shoot a sling bullet.
The sling bullet closely misses the hobgoblin.
You block the hobgoblin's attack. The hobgoblin completely misses you.
You shoot a sling bullet. The sling bullet hits the hobgoblin!
You kill the hobgoblin!
No target in view!
A hobgoblin comes into view.
Things that are here:
a +0 club; a +0 club; a goblin corpse You shoot a sling bullet.
The hobgoblin shouts!
The sling bullet hits the hobgoblin.
You kill the hobgoblin!
You hear a shout! x2
No target in view!
No target in view!
You see here a +0 dagger.
Sigmund and a goblin come into view.
The goblin is wielding a +0 club and carrying a wand of roots (6).
Sigmund shouts!
Robin of the Strong Arm comes into view.
They are wielding a +0 mace.
Sigmund moves out of view.
You see here a +0 dagger.
The goblin zaps a wand.
The roots erupt in riotous growth!
The grasping roots grab you! The grasping roots constrict you.
You hear a shout! x2
Things that are here:
a +0 club; a +0 club; a goblin corpse You escape the roots grasp.
The goblin zaps a wand.
The roots erupt in riotous growth!
The grasping roots grab you! The grasping roots constrict you.
You escape the roots grasp.
Robin roars a battlecry!
The goblin goes into a battle-frenzy!
You shoot a sling bullet. The sling bullet hits the goblin.
You kill the goblin!
There is an open door here.
Really read the scroll of poison?
The air fills with toxic fumes!
As you read the scroll of poison, it crumbles to dust.
You shoot a sling bullet. The sling bullet hits Robin.
Robin is moderately wounded.
Robin roars a battlecry!
Sigmund is engulfed in poison gas.
Sigmund is poisoned.
You shoot a sling bullet. The sling bullet hits Robin.
Robin is heavily wounded.
Sigmund is engulfed in poison gas.
Sigmund looks even sicker.
You shoot a sling bullet. The sling bullet closely misses Robin.
The sling bullet hits Sigmund.
Sigmund is severely wounded.
Sigmund is engulfed in poison gas.
Sigmund looks even sicker.
You shoot a sling bullet. The sling bullet hits Robin!
You kill Robin!
Sigmund is engulfed in poison gas.
Sigmund looks as sick as possible!
You kill Sigmund!
A hobgoblin comes into view.
Your Fighting skill increases to level 2!
Your Stealth skill increases to level 2!
You have reached level 5!
You have reached level 6!
Your experience leads to a dramatic increase in your attributes!
Your base attributes are Str 11, Int 15, Dex 18.
Increase (S)trength, (I)ntelligence, or (D)exterity?
You feel agile. x4
You shoot a sling bullet.
The sling bullet closely misses the hobgoblin.
You shoot a sling bullet. The sling bullet hits the hobgoblin.
The hobgoblin is severely wounded.
You shoot a sling bullet. The sling bullet hits the hobgoblin!
You kill the hobgoblin!
No target in view!
You start waiting.
A jelly comes into view.
You shoot a sling bullet.
The sling bullet barely misses the jelly.
The jelly quivers.
You shoot a sling bullet. The sling bullet hits the jelly.
The jelly is moderately wounded.
You shoot a sling bullet. The sling bullet hits the jelly.
The jelly is heavily wounded.
You shoot a sling bullet. The sling bullet hits the jelly!
You kill the jelly!
No target in view!
No target in view!
You start waiting.
A goblin comes into view. It is wielding a +0 dagger.
You shoot a sling bullet. The sling bullet hits the goblin.
You kill the goblin!
No target in view!
No target in view!
Eustachio the Magnificent comes into view.
He is wielding a +0 heavy falchion and carrying a wand of paralysis (7).
Unknown command.
There is an open door here.
You close the door.
You see here a necrophage skeleton.
Found 4 gold pieces.
A quokka comes into view.
Found a scale mail.
You shoot a sling bullet. The sling bullet hits the quokka!
You kill the quokka!
No target in view!
No target in view!
You now have 243 gold pieces (gained 4).
Found a white marble altar of Elyvilon.
Found a stone staircase leading down.
You open the door.
Found 9 stones.
Found 14 gold pieces.
There is an open door here.
You now have 257 gold pieces (gained 14).
You open the door.
There is an open door here.
A hound comes into view.
You shoot a sling bullet. The sling bullet hits the hound.
The hound barks!
The hound is moderately wounded.
You shoot a sling bullet. The sling bullet hits the hound.
The hound is heavily wounded.
The hound bites you. The hound misses you.
You shoot a sling bullet.
The sling bullet closely misses the hound.
You block the hound's attack. The hound barely misses you.
You shoot a sling bullet. The sling bullet hits the hound.
The hound is severely wounded.
The hound barely misses you. The hound closely misses you.
You shoot a sling bullet.
The sling bullet closely misses the hound.
The hound bites you but does no damage. You block the hound's attack.
You shoot a sling bullet. The sling bullet hits the hound!
You kill the hound!
Your Ranged Weapons skill increases to level 4!
No target in view!
No target in view!
You see here a hound corpse.
Duvessa, Dowan and a black bear come into view.
Duvessa is wielding a +0 short sword of venom.
Found a club and 5 stones.
A kobold comes into view. It is wielding a +0 whip.
Found a stone staircase leading up.
There is a stone staircase leading up here.
Found a pair of boots.
r - a +6 ring of strength
There are no items here.
You feel stronger.
r - a +6 ring of strength (right hand)
You see here a +0 pair of boots.
w - a +0 pair of boots You start putting on your armour.
You continue putting on your +0 pair of boots. x4
You finish putting on your +0 pair of boots.
Eustachio shouts!
Unknown command.
There is a stone staircase leading up here.
You climb upwards.
There is a stone staircase leading down here.
There is an open door here.
There is a stone staircase leading down here.
You climb downwards.
Level annotation: Dowan, Duvessa, Eustachio
There is a stone staircase leading up here.
There is an open door here.
You open the door.
There is an open door here.
Pikel and 3 lemures come into view.
Pikel is wielding a +1 whip of electrocution and wearing a +1 robe of fire resistance.
The lemure shouts!
Pikel shouts!
The lemure shouts!
A lemure comes into view.
There is an open door here.
There is an open door here.
There is a stone staircase leading up here.
You shoot a sling bullet.
The sling bullet closely misses the lemure.
You shoot a sling bullet.
The sling bullet barely misses the lemure.
The lemure barely misses you.
You shoot a sling bullet.
The sling bullet barely misses the lemure.
The lemure hits you.
You shoot a sling bullet. The sling bullet hits the lemure.
The lemure is lightly wounded.
The lemure misses you. x2
You shoot a sling bullet. The sling bullet hits the lemure.
The lemure is heavily wounded.
The lemure misses you.
You shoot a sling bullet.
The sling bullet completely misses the lemure.
The lemure closely misses you.
You shoot a sling bullet. The sling bullet hits the lemure.
The lemure is heavily wounded.
The lemure hits you.
You shoot a sling bullet.
The sling bullet hits the lemure but does no damage.
The lemure is heavily wounded.
The lemure closely misses you.
You shoot a sling bullet.
The sling bullet closely misses the lemure.
The lemure barely misses you. The lemure hits you!
You shoot a sling bullet. The sling bullet hits the lemure.
The lemure is heavily wounded.
The lemure hits you.
You shoot a sling bullet. The sling bullet hits the lemure.
The lemure is severely wounded.
You hear a shout!
You block the lemure's attack.
You shoot a sling bullet. The sling bullet hits the lemure!
You kill the lemure!
That felt strangely unrewarding.
You shoot a sling bullet.
The sling bullet hits Pikel but does no damage.
Press: ? - help, v - describe, . - travel
Here: Pikel, wielding a +1 whip of electrocution and wearing a +1 robe of fire resistance The floor.
Unknown command.
Unknown command.
You climb upwards.
There is a stone staircase leading down here.
There is an open door here.
There is an open door here.
There is an open door here.
You open the door.
There is an open door here.
HP restored.
There is a stone staircase leading down here.
You start waiting.
Done waiting.
You climb downwards.
Level annotation: Dowan, Duvessa, Eustachio, Pikel
There is a stone staircase leading up here.
There is a stone staircase leading up here.
You shoot a sling bullet. The sling bullet hits the lemure.
The lemure is moderately wounded.
You shoot a sling bullet.
The sling bullet closely misses the lemure.
You shoot a sling bullet. The sling bullet hits the lemure.
The lemure is heavily wounded.
You shoot a sling bullet.
The sling bullet hits the lemure but does no damage.
The lemure is heavily wounded.
The lemure misses you.
You shoot a sling bullet.
The sling bullet hits the lemure but does no damage.
The lemure is moderately wounded.
The lemure barely misses you.
You shoot a sling bullet. The sling bullet hits the lemure.
The lemure is heavily wounded.
The lemure hits you. The lemure hits you!
You shoot a sling bullet.
The sling bullet barely misses the lemure.
You block the lemure's attack.
You shoot a sling bullet.
The sling bullet hits the lemure but does no damage.
The lemure is heavily wounded.
The lemure misses you.
You shoot a sling bullet.
The sling bullet barely misses the lemure.
The lemure closely misses you.
You shoot a sling bullet.
The sling bullet completely misses the lemure.
The lemure hits you. x2
You shoot a sling bullet.
The sling bullet closely misses the lemure.
The lemure barely misses you.
You shoot a sling bullet.
The sling bullet hits the lemure but does no damage.
The lemure is heavily wounded.
The lemure misses you.
You shoot a sling bullet.
The sling bullet hits the lemure but does no damage.
The lemure is heavily wounded.
You block the lemure's attack. The lemure misses you.
You shoot a sling bullet. The sling bullet hits the lemure.
The lemure is severely wounded.
The lemure hits you.
You shoot a sling bullet. The sling bullet hits the lemure.
The lemure is severely wounded.
The lemure completely misses you.
You shoot a sling bullet. The sling bullet hits the lemure!
You kill the lemure!
That felt strangely unrewarding.
No target in view!
No target in view!
You climb upwards.
There is a stone staircase leading down here.
You start resting.
HP restored.
You climb downwards.
Level annotation: Dowan, Duvessa, Eustachio, Pikel
There is a stone staircase leading up here.
There is a stone staircase leading up here.
You climb upwards.
There is a stone staircase leading down here.
There is an open door here.
There is an open door here.
There is an open door here.
There is an open door here.
There is a stone staircase leading down here.
You climb downwards.
Level annotation: Dowan, Duvessa, Eustachio, Pikel
There is a stone staircase leading up, spattered with blood here.
You climb upwards.
There is a stone staircase leading down here.
You open the door.
There is an open door here.
There is an open door here.
There is a stone staircase leading down here.
You climb downwards.
Level annotation: Dowan, Duvessa, Eustachio, Pikel
There is a stone staircase leading up here.
You see here a +0 club.
x - a wand of roots (4)
Things that are here:
a +0 dagger; a +0 club; a +0 dagger You see here a +0 club.
Found a stone staircase leading down.
There is a large open door here.
A quokka comes into view.
There is a large open door here.
There is a stone staircase leading down here.
You shoot a sling bullet.
The sling bullet closely misses the quokka.
You shoot a sling bullet. The sling bullet hits the quokka!
You kill the quokka!
No target in view!
No target in view!
No target in view!
No target in view!
You climb downwards.
There is a stone staircase leading up here.
Found a stone staircase leading down.
Blork the orc comes into view.
He is wielding a +1 glaive of venom.
Press: ? - help, v - describe, . - travel
Here: Blork the orc, wielding a +1 glaive of venom and wearing a +0 robe (asleep)
The floor.
Found a radiant altar of Vehumet.
Okay, then.
This spell is quite dangerous to cast!
Memorise Call Canine Familiar, consuming 3 spell levels and leaving 3?
You start memorising the spell.
You continue memorising. x3
You finish memorising.
Spell assigned to 'b'.
Found a ring mail.
An orc comes into view. It is wielding a +0 hand axe.
Found 11 gold pieces.
You shoot a sling bullet. The sling bullet hits the orc.
You kill the orc!
No target in view!
No target in view!
An orc and an orc priest come into view.
Found a robe.
Fire: b) +1 sling
Press: ? - help, Q - select action, (/) - cycle Shift-Dir - straight line, f - orc priest
Aim: an orc priest, wielding a +0 flail (asleep, 98% to hit)
You shoot a sling bullet. The sling bullet hits the orc priest.
The orc priest shouts!
The orc priest is moderately wounded.
Fire: b) +1 sling
Press: ? - help, Q - select action, (/) - cycle Shift-Dir - straight line, f/p - orc priest
Aim: an orc priest, wielding a +0 flail (moderately wounded, 68% to hit)
You shoot a sling bullet.
The sling bullet barely misses the orc priest.
The orc shouts!
An orc comes into view. It is wielding a +0 flail.
The orc priest invokes the aid of Beogh against you.
Beogh smites you!
An orc comes into view. It is wielding a +0 hand axe.
Fire: b) +1 sling
Press: ? - help, Q - select action, (/) - cycle Shift-Dir - straight line, f/p - orc priest
Aim: an orc priest, wielding a +0 flail (moderately wounded, 68% to hit)
You shoot a sling bullet. The orc shouts!
The sling bullet hits the orc priest but does no damage.
The orc priest is moderately wounded.
Fire: b) +1 sling
Press: ? - help, Q - select action, (/) - cycle Shift-Dir - straight line, f/p - orc priest
Aim: an orc priest, wielding a +0 flail (moderately wounded, 68% to hit)
You shoot a sling bullet.
The sling bullet barely misses the orc priest.
Fire: b) +1 sling
Press: ? - help, Q - select action, (/) - cycle Shift-Dir - straight line, p - orc priest You shoot a sling bullet.
The sling bullet closely misses the orc priest.
The orc priest looks satisfied for a moment.
You shoot a sling bullet. The sling bullet hits the orc.
The orc is moderately wounded.
The orc completely misses you.
You shoot a sling bullet.
The sling bullet completely misses the orc.
The orc closely misses you.
You shoot a sling bullet.
The sling bullet hits the orc but does no damage.
You shoot a sling bullet. The sling bullet hits the orc!
You kill the orc!
You shoot a sling bullet. The sling bullet hits the orc!
You kill the orc!
You shoot a sling bullet. The sling bullet hits the orc priest!
The orc priest is almost dead.
The orc priest barely misses you. x2
You shoot a sling bullet. The sling bullet hits the orc priest.
You kill the orc priest!
You shoot a sling bullet. The sling bullet hits the orc.
The orc is moderately wounded.
The orc barely misses you.
You shoot a sling bullet. The sling bullet barely misses the orc.
The orc closely misses you.
You shoot a sling bullet. The sling bullet barely misses the orc.
The orc barely misses you. You block the orc's attack.
You shoot a sling bullet. The sling bullet hits the orc.
You kill the orc!
No target in view!
Things that are here:
a +0 dagger; a +0 ring mail; an orc corpse
Items here: ))) †††.
HP restored.
You now have 268 gold pieces (gained 11).
You now have 280 gold pieces (gained 12).
Items here: ))) †††.
y - a ring of resist corrosion
Okay, then.
An orc comes into view. It is wielding a +0 flail.
You shoot a sling bullet. The sling bullet hits the orc.
The orc shouts!
The orc is lightly wounded.
An orc comes into view. It is wielding a +0 club.
You shoot a sling bullet. The sling bullet barely misses the orc.
The orc shouts!
An orc comes into view. It is wielding a +0 dagger.
You shoot a sling bullet.
The sling bullet barely misses the orc. x2
The orc shouts!
An orc comes into view. It is wielding a +0 dagger.
You shoot a sling bullet. The sling bullet barely misses the orc.
The orc shouts!
The sling bullet hits the orc!
You kill the orc!
Your Dodging skill increases to level 4!
You shoot a sling bullet. The sling bullet hits the orc!
You kill the orc!
You shoot a sling bullet.
The sling bullet hits the orc but does no damage.
The orc is lightly wounded.
You shoot a sling bullet.
The sling bullet closely misses the orc.
The sling bullet hits the orc.
The orc is severely wounded.
You shoot a sling bullet. The sling bullet hits the orc.
The orc is heavily wounded.
The orc barely misses you.
You shoot a sling bullet. The sling bullet hits the orc!
You kill the orc!
The orc completely misses you.
You shoot a sling bullet. The sling bullet hits the orc.
You kill the orc!
No target in view!
z - a fuming sapphire potion
Things that are here:
a +0 dagger; an orc corpse You see here a +0 flail.
An adder comes into view.
You shoot a sling bullet. The sling bullet hits the adder.
The adder is severely wounded.
You shoot a sling bullet. The sling bullet hits the adder.
You kill the adder!
No target in view!
No target in view!
An adder comes into view.
You shoot a sling bullet.
The sling bullet completely misses the adder.
You shoot a sling bullet. The sling bullet hits the adder.
The adder is heavily wounded.
You shoot a sling bullet. The sling bullet hits the adder.
The adder is almost dead.
The adder barely misses you.
You shoot a sling bullet. The sling bullet hits the adder.
You kill the adder!
No target in view!
k - 4 scrolls labelled OMUYWI VAYS (gained 1)
A phantom comes into view.
You shoot a sling bullet. The sling bullet hits the phantom.
The phantom is lightly damaged.
You shoot a sling bullet. The sling bullet hits the phantom!
The phantom is heavily damaged.
You shoot a sling bullet. The sling bullet hits the phantom!
The phantom is severely damaged.
You shoot a sling bullet. The sling bullet hits the phantom.
The phantom is severely damaged.
You shoot a sling bullet. The sling bullet hits the phantom.
The phantom is almost destroyed.
The phantom misses you.
You shoot a sling bullet. The sling bullet hits the phantom!
You destroy the phantom!
Your Summonings skill increases to level 1!
No target in view!
No target in view!
No target in view!
You now have 293 gold pieces (gained 13).
You see here a +0 dagger.
Things that are here:
a +0 club; an orc corpse
Things that are here:
a +0 dagger; an orc corpse
Found a stone staircase leading down.
Found a stone staircase leading down.
A - a ring of fire An adder comes into view.
You shoot a sling bullet. The sling bullet hits the adder.
The adder hisses angrily.
The adder is moderately wounded.
You shoot a sling bullet.
The sling bullet barely misses the adder.
You shoot a sling bullet. The sling bullet hits the adder!
The adder is almost dead.
You shoot a sling bullet. The sling bullet misses the adder.
The adder misses you.
You shoot a sling bullet. The sling bullet hits the adder.
You kill the adder!
No target in view!
You pick up Great Wizards, Vol.
VII and begin reading...
You add the spells Tukima's Dance, Passage of Golubria and Yara's Violent Unravelling to your library.
Found a ring mail.
An iguana comes into view.
You shoot a sling bullet. The sling bullet hits the iguana.
The iguana hisses angrily.
The iguana is heavily wounded.
You hear an angry hiss.
You shoot a sling bullet. The sling bullet hits the iguana!
You kill the iguana!
No target in view!
No target in view!
An iguana comes into view.
You see here a ring of ice.
B - a ring of ice You shoot a sling bullet.
The sling bullet hits the iguana!
The iguana is heavily wounded.
You shoot a sling bullet. The sling bullet hits the iguana.
The iguana is heavily wounded.
You block the iguana's attack. The iguana barely misses you.
You shoot a sling bullet.
The sling bullet hits the iguana but does no damage.
The iguana is heavily wounded.
You block the iguana's attack.
You shoot a sling bullet. The sling bullet hits the iguana.
The iguana is heavily wounded.
The iguana closely misses you.
You shoot a sling bullet. The sling bullet hits the iguana.
The iguana is almost dead.
The iguana completely misses you.
You shoot a sling bullet.
The sling bullet completely misses the iguana.
The iguana misses you. The iguana bites you.
You shoot a sling bullet.
The sling bullet closely misses the iguana.
You block the iguana's attack.
You shoot a sling bullet.
The sling bullet barely misses the iguana.
You block the iguana's attack.
You shoot a sling bullet.
The sling bullet barely misses the iguana.
You block the iguana's attack.
You shoot a sling bullet.
The sling bullet closely misses the iguana.
The iguana bites you! x2
You shoot a sling bullet. The sling bullet hits the iguana.
You kill the iguana!
You start resting.
HP restored.
You see here an iguana corpse.
A hound comes into view.
You shoot a sling bullet. The sling bullet hits the hound.
The hound barks!
The hound is lightly wounded.
You shoot a sling bullet.
The sling bullet hits the hound but does no damage.
The hound is lightly wounded.
You shoot a sling bullet. The sling bullet hits the hound.
The hound is moderately wounded.
You shoot a sling bullet. The sling bullet hits the hound!
The hound is almost dead.
The hound barely misses you. The hound closely misses you.
You shoot a sling bullet. The sling bullet hits the hound!
You kill the hound!
You have reached level 7!
Magic restored.
You see here a hound corpse.
There is a stone staircase leading down here.
Found a stone staircase leading up.
An orc priest comes into view. It is wielding a +0 dagger.
Found a stone staircase leading up.
The orc priest shouts!
An orc wizard comes into view. It is wielding a +0 dagger.
An orc priest comes into view. It is wielding a +0 club.
An orc priest comes into view. It is wielding a +0 whip.
An orc priest comes into view. It is wielding a +0 short sword.
You shoot a sling bullet.
The sling bullet barely misses the orc priest.
The orc priest calls down the wrath of Beogh upon you.
You struggle to resist.
You shoot a sling bullet. The sling bullet hits the orc priest!
The orc priest is heavily wounded.
You shoot a sling bullet. The sling bullet hits the orc priest!
You kill the orc priest!
You hear a shout! x3
Your Stealth skill increases to level 3!
An orc comes into view. It is wielding a +0 hand axe.
You shoot a sling bullet.
The sling bullet closely misses the orc.
You shoot a sling bullet.
The sling bullet hits the orc but does no damage.
You shoot a sling bullet. The sling bullet hits the orc!
You kill the orc!
Things that are here:
a +0 hand axe; a +0 leather armour; an orc corpse The orc priest shouts!
You hear a shout!
You shoot a sling bullet. The sling bullet hits the orc priest.
The orc priest is lightly wounded.
The orc priest calls down the wrath of Beogh upon you.
Pain shoots through your body!
The orc priest attacks as you move away!
The orc priest misses you.
Things that are here:
a +0 dagger; an orc corpse You shoot a sling bullet.
The sling bullet hits the orc priest.
The orc priest is moderately wounded.
The orc priest closely misses you.
You shoot a sling bullet. The sling bullet hits the orc priest.
The orc priest is moderately wounded.
The orc priest calls down the wrath of Beogh upon you.
You struggle to resist.
You shoot a sling bullet. The sling bullet hits the orc priest.
The orc priest is severely wounded.
You hear a shout!
The orc priest barely misses you.
You shoot a sling bullet.
The sling bullet hits the orc priest but does no damage.
The orc priest is severely wounded.
The orc priest looks braver for a moment.
The orc priest closely misses you.
You shoot a sling bullet. The sling bullet hits the orc priest!
You kill the orc priest!
You hear a shout!
An orc comes into view. It is wielding a +0 whip.
Your Summonings skill increases to level 2!
You shoot a sling bullet. The sling bullet barely misses the orc.
You shoot a sling bullet. The sling bullet hits the orc!
You kill the orc!
You shoot a sling bullet.
The sling bullet hits the orc wizard but does no damage.
You hear a shout! x2
You shoot a sling bullet.
The sling bullet completely misses the orc wizard.
The orc wizard hits you with a +0 dagger.
You shoot a sling bullet. The sling bullet hits the orc wizard.
The orc wizard is lightly wounded.
You hear a shout!
The orc wizard barely misses you.
An orc comes into view. It is wielding a +0 hand axe.
You hear a shout!
You shoot a sling bullet. The sling bullet hits the orc wizard!
The orc wizard is severely wounded.
Fire: b) +1 sling
Press: ? - help, Q - select action, (/) - cycle Shift-Dir - straight line, f - orc priest, p - orc wizard
Aim: an orc priest, wielding a +0 club and wearing a +0 ring mail (71% to hit)
You shoot a sling bullet.
The sling bullet barely misses the orc priest.
You hear a shout!
The orc wizard points at you and mumbles some strange words.
The puff of flame misses you. The orc priest closely misses you.
The orc wizard completely misses you.
An orc wizard comes into view. It is wielding a +0 dagger.
You shoot a sling bullet.
The sling bullet barely misses the orc wizard.
The orc priest misses you. You block the orc wizard's attack.
Fire: b) +1 sling
Press: ? - help, Q - select action, (/) - cycle Shift-Dir - straight line, f - orc priest, p - orc wizard
Aim: an orc priest, wielding a +0 short sword (68% to hit)
You shoot a sling bullet.
The sling bullet hits the orc priest but does no damage.
The orc priest completely misses you. The orc wizard casts a spell at you.
You are confused.
It was a potion of curing.
You feel better. The orc priest hits you with a +0 club.
You block the orc wizard's attack.
The orc priest attacks as you move away!
The orc priest hits you with a +0 club.
The orc wizard hits you with a +0 dagger.
The orc priest looks braver for a moment.
Things that are here:
a +0 hand axe; a +0 leather armour; an orc corpse Fire: b) +1 sling
Press: ? - help, Q - select action, (/) - cycle Shift-Dir - straight line, f - orc wizard
Aim: an orc wizard, wielding a +0 dagger and wearing a +0 robe (severely wounded, 62% to hit)
You shoot a sling bullet.
The sling bullet hits the orc priest but does no damage.
The orc priest begins to cast a cantrip, but forgets the words!
Fire: b) +1 sling
Press: ? - help, Q - select action, (/) - cycle Shift-Dir - straight line, p - orc wizard You shoot a sling bullet.
The sling bullet hits the orc priest.
The orc priest is lightly wounded.
The orc priest calls down the wrath of Beogh upon you.
Beogh smites you! The orc priest closely misses you.
Fire: b) +1 sling
Press: ? - help, Q - select action, (/) - cycle Shift-Dir - straight line, f - orc priest
Aim: an orc priest, wielding a +0 club and wearing a +0 ring mail (lightly wounded, 71% to hit)
You shoot a sling bullet. The sling bullet hits the orc priest.
The orc priest is heavily wounded.
The orc priest misses you.
Fire: b) +1 sling
Press: ? - help, Q - select action, (/) - cycle Shift-Dir - straight line, f/p - orc priest
Aim: an orc priest, wielding a +0 club and wearing a +0 ring mail (heavily wounded, 71% to hit)
You shoot a sling bullet.
The sling bullet closely misses the orc priest.
The sling bullet hits the orc wizard but does no damage.
The orc wizard is severely wounded.
The orc priest calls upon Beogh to heal the orc wizard.
The orc wizard is healed somewhat.
Fire: b) +1 sling
Press: ? - help, Q - select action, (/) - cycle Shift-Dir - straight line, f/p - orc priest
Aim: an orc priest, wielding a +0 club and wearing a +0 ring mail (heavily wounded, 71% to hit)
Okay, then.
The orc priest invokes the aid of Beogh against you.
Beogh smites you!
The orc priest calls down the wrath of Beogh upon you.
Beogh smites you!
The orc priest attacks as you move away!
You block the orc priest's attack.
The orc wizard mumbles some strange words.
The orc wizard flickers and vanishes!
Deactivating autopickup; reactivate with Ctrl-A.
An orc wizard comes into view. It is wielding a +0 dagger.
The orc priest attacks as you move away!
The orc priest hits you with a +0 club.
The orc priest invokes the aid of Beogh against you.
Pain shoots through your body!
* * * LOW HITPOINT WARNING * * *
The orc priest invokes the aid of Beogh against you.
Beogh smites you!
You die...

Skill      XL: |  1  2  3  4  5  6  7 |
---------------+----------------------+-----
Fighting       | 1 2 |  2.9
Ranged Weapons | 2 3 4 |  4.0
Dodging        | 2 3 4 |  4.2
Stealth        | 1 2 3 |  3.0
Summonings     | 1 2 |  2.0
Spellcasting   | |  1.6
Hexes          | |  2.6

Action                     |  1- 3 |  4- 6 |  7- 9 || total
---------------------------+-------+-------+-------++-------
  Melee: Long sword        |       |     1 |       ||     1
   Fire: Sling             |   126 |   159 |    25 ||   310
    Use: Scroll            |     3 |     1 |       ||     4
         Potion            |       |       |     1 ||     1
 Armour: Robe              |    16 |     1 |       ||    17
  Dodge: Dodged            |    28 |    43 |    12 ||    83
  Block: Buckler           |     3 |    13 |     3 ||    19

Levels and vault maps discovered:
D:1:      amcnicky_arrival_blooded_trapdoor, layout_basic,
          shapermc_ecumenical_altar_hornbeckon
D:2:      layout_basic, chequers_serial_rivers_micro_d, minmay_pentomino_pile,
          uniq_crazy_yiuf_cottage
D:3:      layout_basic, mainiacjoe_overflow_24_doors,
          dreamdust_princess_corridor
D:4:      layout_basic, nicolae_overflow_crystal_walls,
          nicolae_overflow_two_pavilions, kennysheep_pointless_box,
          uniq_sigmund, uniq_eustachio, uniq_pikel, uniq_robin, uniq_duvessa
D:5:      layout_loops_cross, mainiacjoe_overflow_alcove_1, hex_large,
          minmay_misc_feat_more_columns, uniq_blork_the_orc

Notes
Turn   | Place    | Note
-------+----------+-------------------------------------------
     0 | D:1      | scionoferis the Demigod Hexslinger began the quest for the
                  | Orb.
     0 | D:1      | Reached XP level 1. HP: 15/15 MP: 4/4
   239 | D:1      | Reached skill level 1 in Fighting
   266 | D:1      | Reached skill level 2 in Ranged Weapons
   266 | D:1      | Reached skill level 2 in Dodging
   380 | D:1      | Reached XP level 2. HP: 23/23 MP: 5/5
   942 | D:2      | Reached XP level 3. HP: 28/28 MP: 6/6
  1086 | D:2      | Reached skill level 1 in Stealth
  1392 | D:2      | Found a runed translucent door.
  1393 | D:2      | Noticed Crazy Yiuf
  2035 | D:3      | Reached XP level 4. HP: 35/35 MP: 8/8
  2411 | D:4      | Noticed a necrophage
  2418 | D:4      | Killed a necrophage
  2419 | D:4      | Reached skill level 3 in Ranged Weapons
  2419 | D:4      | Reached skill level 3 in Dodging
  2559 | D:4      | Noticed Sigmund
  2559 | D:4      | Noticed Robin
  2573 | D:4      | Killed Robin
  2573 | D:4      | Killed Sigmund
  2574 | D:4      | Reached skill level 2 in Fighting
  2574 | D:4      | Reached skill level 2 in Stealth
  2574 | D:4      | Reached XP level 5. HP: 41/41 MP: 9/9
  2574 | D:4      | Reached XP level 6. HP: 48/48 MP: 10/10
  2600 | D:4      | Noticed Eustachio
  2690 | D:4      | Reached skill level 4 in Ranged Weapons
  2697 | D:4      | Noticed Duvessa
  2697 | D:4      | Noticed Dowan
  2829 | D:4      | Noticed Pikel
  3212 | D:5      | Entered Level 5 of the Dungeon
  3226 | D:5      | Noticed Blork the orc
  3237 | D:5      | Learned a level 3 spell: Call Canine Familiar
  3392 | D:5      | Reached skill level 4 in Dodging
  3460 | D:5      | Reached skill level 1 in Summonings
  3649 | D:5      | Reached XP level 7. HP: 56/56 MP: 10/12
  3734 | D:5      | Reached skill level 3 in Stealth
  3751 | D:5      | Reached skill level 2 in Summonings
  3780 | D:5      | Killed from afar by an orc priest

Vanquished Creatures
  Sigmund (D:4)
  A phantom (D:5)
  2 lemures (D:4)
  A necrophage (D:4)
  A jelly (D:4)
  2 hounds (D:4 D:5)
  3 orc priests (D:5)
  2 iguanas (D:5)
  Robin (D:4)
  6 adders (D:2 D:3 D:5)
  A worm (D:2)
  4 dart slugs (D:1 D:2 D:3)
  11 orcs (D:3 D:5)
  5 ball pythons (D:1 D:2 D:3)
  4 bats (D:1 D:2)
  4 endoplasms (D:1 D:2)
  2 giant cockroaches (D:1 D:3)
  10 goblins (D:1 D:4)
  9 hobgoblins (D:1 D:2 D:4)
  4 kobolds (D:1 D:2 D:3)
  8 quokkas (D:1 D:2 D:3 D:4)
  5 frilled lizards (D:1 D:2)
  4 rats (D:1 D:2 D:3)
91 creatures vanquished.

Table legend: (Time is in decaauts)
 A = Elapsed time spent in this place.
 B = Non-inter-level travel time spent in this place.
 C = Inter-level travel time spent in this place.
 D = Time resting spent in this place.
 E = Time spent auto-exploring this place.
 F = Levels seen in this place.
 G = Mean time per level.
                   A        B        C        D        E       F      G
               +--------+--------+--------+--------+--------+-----+--------+
         Total |   3882 |   3675 |    207 |    347 |   2433 |   5 |  776.4 |
       Dungeon |   3882 |   3675 |    207 |    347 |   2433 |   5 |  776.4 |
               +--------+--------+--------+--------+--------+-----+--------+

Top non-repeatable levels by time:
     D:1: 965 daAuts
     D:3: 937 daAuts
     D:2: 824 daAuts
     D:5: 589 daAuts
     D:4: 565 daAuts

Table legend:
 A = Non-vault XP
 B = Vault XP
 C = Vault XP percentage of total XP
 D = Non-vault monster count
 E = Vault monster count
 F = Vault count percentage of total count
                 A         B        C        D         E       F
            +---------+---------+-------+---------+---------+-------
      Total |     709 |     273 |  27.8 |      71 |      18 |  20.2
            +---------+---------+-------+---------+---------+-------
        D:1 |      43 |       0 |   0.0 |      24 |       0 |   0.0
        D:2 |      43 |      13 |  23.2 |      11 |       5 |  31.2
        D:3 |      28 |       0 |   0.0 |       8 |       0 |   0.0
        D:4 |     176 |     260 |  59.6 |       8 |      13 |  61.9
        D:5 |     419 |       0 |   0.0 |      20 |       0 |   0.0
            +---------+---------+-------+---------+---------+-------
